 Dungeon Crawl Stone Soup version 0.25-a0-1133-g93ebf739aa (webtiles) character file.

Game seed: 13342868630040361502, levelgen mode: deterministic

128 tilp the Bolt Thrower (level 5, -2/33 HPs)
             Began as a Kobold Arcane Marksman on May 20, 2020.
             Killed by nerve-wracking pain
             ... invoked by an orc priest
              (11 damage)
             ... on level 3 of the Dungeon.
             The game lasted 00:06:33 (3459 turns).

tilp the Bolt Thrower (Kobold Arcane Marksman)      Turns: 3459, Time: 00:06:34

Health: -2/33      AC:  5    Str:  8    XL:     5   Next: 33%
Magic:  5/6        EV: 14    Int: 14    God:
Gold:   78         SH:  0    Dex: 16    Spells: 3/6 levels left

rFire    . . .     SeeInvis .   a - +0 hand crossbow
rCold    . . .     Gourm    .   (shield restricted)
rNeg     . . .     Faith    .   i - +0 leather armour
rPois    .         Spirit   .   A - +0 helmet
rElec    .         Reflect  .   (no cloak)
rCorr    .         Harm     .   (no gloves)
MR       .....                  n - +0 pair of boots
Stlth    +.........             (no amulet)
HPRegen  0.11/turn              (no ring)
MPRegen  0.10/turn              (no ring)

@: no status effects
A: small, carnivore
a: no special abilities


You were on level 3 of the Dungeon.
You were completely stuffed.

You visited 1 branch of the dungeon, and saw 3 of its levels.

You collected 78 gold pieces.

Inventory:

Hand Weapons
 a - a +0 hand crossbow (weapon)
 b - a +0 flail
 s - a cursed -1 mace
 y - a +0 short sword
Missiles
 d - 39 bolts (quivered)
Armour
 i - a +0 leather armour (worn)
 n - a +0 pair of boots (worn)
 A - a +0 helmet (worn)
Jewellery
 q - an uncursed ring of protection from cold {unknown}
Wands
 v - a wand of acid (5)
 x - a wand of random effects (22)
Scrolls
 f - a scroll of amnesia {unknown}
 g - a scroll of noise {unknown}
 k - 2 scrolls of blinking
 l - 2 scrolls of magic mapping
 m - a scroll of fog
 p - a scroll of remove curse {unknown}
 w - a scroll of random uselessness {unknown}
Potions
 o - a potion of cancellation
 r - 2 potions of might
 t - a potion of brilliance
 u - a potion of stabbing {unknown}
 z - a potion of haste
Comestibles
 c - 7 rations
 h - 5 chunks of flesh


   Skills:
 - Level 4.0 Fighting
 + Level 4.4 Crossbows
 - Level 2.4 Dodging
 - Level 1.1 Spellcasting
 - Level 3.0 Hexes


You had 3 spell levels left.
You knew the following spells:

 Your Spells              Type           Power        Failure   Level  Hunger
a - Corona                Hex            #......      11%         1    ##.....
b - Slow                  Hex            #.......     17%         2    ###....

Your spell library contained the following spells:

 Spells                   Type           Power        Failure   Level  Hunger
 Inner Flame              Hex/Fire       #.......     52%         3    ####...
 Portal Projectile        Hex/Tloc       #.....       52%         3    ####...
 Cause Fear               Hex            #.........   73%         4    #####..
 Leda's Liquefaction      Hex/Erth       #.........   90%         4    #####..


Dungeon Overview and Level Annotations

Branches:
Dungeon (3/15)

Altars:
Cheibriados
Ru
Sif Muna
Trog
Wu Jian
Zin

Annotations:
D:3 Terence


Innate Abilities, Weirdness & Mutations

You are small and have problems with some larger weapons.
You are carnivorous and can eat meat at any time.


Message History

Press: ? - help, Shift-Dir - straight line, f/p - orc priest
Aim: an orc priest, wielding a +0 club (lightly wounded)
You shoot a bolt. The bolt hits the orc priest!
The orc priest is severely wounded.
The orc priest hits you with a +0 club.
* * * LOW HITPOINT WARNING * * *
Firing (i - inventory)
d - 41 bolts (quivered)
Press: ? - help, Shift-Dir - straight line, f/p - orc priest
Aim: an orc priest, wielding a +0 club (severely wounded)
You shoot a bolt.
The bolt completely misses the orc priest.
The orc priest hits you with a +0 club.
* * * LOW HITPOINT WARNING * * *
Firing (i - inventory)
d - 40 bolts (quivered)
Press: ? - help, Shift-Dir - straight line, f/p - orc priest
Aim: an orc priest, wielding a +0 club (severely wounded)
You shoot a bolt. The bolt barely misses the orc priest.
The orc priest mumbles some strange prayers to Beogh against you.
Pain shoots through your body!
You die...

#......#####################
#.####.......÷..............
#.# #####################..
#.# ..# #.# #.# #.# ### #.#
#÷# #.# ##.## ###.# #.# #.#
##.#.## #.... ######.#
#.#####(###.###.#.# #......#
#.@o.((## ##......[ #.######
#######.###.###..## #.#
#.#..# #..# #<# #.#.###..#
#.# ##### #.......... #.#
#...#####.#.#.#.... #.#
#...<.............# #.#
#...#####.#.#...... #.#
##.## #..........


You could see an orc priest.

Vanquished Creatures
  Jessica (D:2)
  A gnoll (D:3)
  3 adders
  A worm (D:2)
  3 dart slugs
  2 leopard geckos
  2 orcs
  8 bats
  A giant cockroach (D:2)
  7 goblins
  4 hobgoblins
  2 jackals (D:1)
  7 kobolds
  2 quokkas (D:2)
  6 frilled lizards
  3 rats (D:2)
53 creatures vanquished.

Notes
Turn   | Place    | Note
-------+----------+-------------------------------------------
     0 | D:1      | tilp the Kobold Arcane Marksman began the quest for the
                  | Orb.
     0 | D:1      | Reached XP level 1. HP: 12/12 MP: 2/2
   124 | D:1      | Reached XP level 2. HP: 11/17 MP: 1/3
   150 | D:1      | Learned a level 2 spell: Slow
   624 | D:1      | Reached XP level 3. HP: 13/23 MP: 4/4
  1262 | D:2      | Found a glowing silver altar of Zin.
  1315 | D:2      | Found a bloodstained altar of Trog.
  1315 | D:2      | Found an ornate altar of the Wu Jian Council.
  1320 | D:2      | Found a shimmering blue altar of Sif Muna.
  1322 | D:2      | Found a faded altar of an unknown god.
  1324 | D:2      | Found a faded altar of an unknown god.
  1570 | D:2      | Found a snail-covered altar of Cheibriados.
  1618 | D:2      | Reached XP level 4. HP: 15/29 MP: 5/5
  2830 | D:2      | Noticed Jessica
  2834 | D:2      | Killed Jessica
  2867 | D:2      | Found a sacrificial altar of Ru.
  2986 | D:2      | Reached XP level 5. HP: 33/33 MP: 6/6
  3068 | D:3      | Noticed Terence
  3459 | D:3      | Killed from afar by an orc priest

Illustrated notes

Levels and vault maps discovered:
D:1:      wander_arrival_peaceful_grave, layout_basic
D:2:      layout_loops_ring, old_standard_altar,
          nicolae_ru_the_path_less_chosen, chequers_temple_overflow_minitemple,
          lemuel_doored_altar, first_ration, uniq_jessica
D:3:      layout_loops_ring, serial_bayou_lagoon_b, uniq_terence

Skill      XL: |  1  2  3  4  5 |
---------------+----------------+-----
Fighting       | 2 3 4 |  4.0
Crossbows      | 3 4 |  4.4
Dodging        | |  2.4
Spellcasting   | |  1.1
Hexes          | |  3.0

Action                   |  1- 3 |  4- 6 || total
-------------------------+-------+-------++-------
Melee: Short sword       |   110 |    60 ||   170
       Flail             |       |     1 ||     1
 Fire: Hand crossbow     |    44 |    39 ||    83
 Cast: Corona            |    10 |     4 ||    14
  Use: Scroll            |     2 |     5 ||     7
       Potion            |       |     1 ||     1
  Eat: Chunk             |    11 |     6 ||    17
Armor: Robe              |     7 |       ||     7
       Leather armour    |    25 |    14 ||    39
Dodge: Dodged            |   105 |    64 ||   169

Table legend:
 A = Non-vault XP
 B = Vault XP
 C = Vault XP percentage of total XP
 D = Non-vault monster count
 E = Vault monster count
 F = Vault count percentage of total count
                 A         B        C        D         E       F
            +---------+---------+-------+---------+---------+-------
      Total |     146 |      37 |  20.2 |      52 |       1 |   1.9
            +---------+---------+-------+---------+---------+-------
        D:1 |      40 |       0 |   0.0 |      20 |       0 |   0.0
        D:2 |      75 |      37 |  33.0 |      28 |       1 |   3.4
        D:3 |      31 |       0 |   0.0 |       4 |       0 |   0.0
            +---------+---------+-------+---------+---------+-------
